 Dungeon Crawl Stone Soup version 0.17.1-1-g73c8601 (webtiles) character file.

158 DeXoteric the Insei (level 5, -9/41 HPs)
             Began as a Mummy Monk on Dec 11, 2015.
             Mangled by an ogre
             ... wielding a +0 giant spiked club
              (24 damage)
             ... on level 3 of the Dungeon.
             The game lasted 00:05:48 (3202 turns).

DeXoteric the Insei (Mummy Monk)                    Turns: 3202, Time: 00:05:48

Health: -9/41      AC: 10    Str: 18    XL:     5   Next: 16%
Magic:  5/5        EV:  8    Int:  9    God:
Gold:   74         SH:  0    Dex: 15    Spells: 0 memorised, 4 levels left

rFire  x . .     SeeInvis .       - Unarmed
rCold  + . .     Clarity  .     j - +0 chain mail
rNeg   + + +     SustAt   .     (no shield)
rPois  ∞         Gourm    .     g - +0 helmet
rElec  .         Spirit   .     (no cloak)
rCorr  .         Warding  .     h - +0 pair of gloves
rMut   .         Stasis   .     (no boots)
MR     .....                    (no amulet)
Stlth  ..........               (no ring)
                                f - +3 ring of strength

@: not resistant to hostile enchantments, extremely unstealthy
A: no food or potions, fire vulnerability, cold resistance 1, negative energy
resistance 3, torment resistance, unbreathing
a: no special abilities


You were on level 3 of the Dungeon.
You were not hungry.

You visited 1 branch of the dungeon, and saw 3 of its levels.

You collected 74 gold pieces.

Inventory:

Armour
 a - a +0 robe
 c - a +0 ring mail
 g - a +0 helmet (worn)
 h - a +0 pair of gloves (worn)
 j - a +0 chain mail (worn)
Jewellery
 f - a +3 ring of strength (left hand)
Scrolls
 b - 3 scrolls of identify {unknown}
 d - 3 scrolls of remove curse {unknown}
 e - 2 scrolls of random uselessness {unknown}
 i - a scroll of magic mapping {unknown}


   Skills:
 - Level 3.0 Fighting
 - Level 2.4 Dodging
 - Level 1.5 Stealth
 + Level 5.4 Unarmed Combat


You had 4 spell levels left.
You didn't know any spells.

Dungeon Overview and Level Annotations

Branches:
Dungeon (3/15)

Altars:
Trog


Innate Abilities, Weirdness & Mutations

You do not eat or drink.
Your flesh is vulnerable to fire.
You are immune to poison.
Your flesh is cold resistant.
You are immune to negative energy.
You are immune to unholy pain and torment.
You can survive without breathing.


Message History

You kill the giant gecko!
You closely miss the giant newt.
The giant newt bites you but does no damage.
You punch the giant newt!
You kill the giant newt!
You punch the hobgoblin!
You kill the hobgoblin!
You hit the ogre. The ogre barely misses you.
Your chain mail prevents you from hitting the ogre.
You barely miss the ogre. The ogre closely misses you.
You hit the ogre.
The ogre hits you with a giant spiked club!
You hit the ogre. You hit the ogre.
The ogre hits you with a giant spiked club!
* * * LOW HITPOINT WARNING * * *
You hit the ogre but do no damage.
The ogre hits you with a giant spiked club!!
Ouch! That really hurt!
You die...

########### #.......$.. #####
#...[...... #...######
#..........
#.....%..###########%.........
#...####......MO...#.....[.:..
##.## ###########.#..........
#.# #.g.l....≈... #.#
###.....?.... #.# #..........
#.# #.......... #.#
#.......... ####[#########
#####.......... #............#
#...#..........


You could see an ogre.

Vanquished Creatures
  An orc priest (D:3)
  Robin (D:2)
  2 adders
  An ooze (D:1)
  2 worms
  2 giant geckos (D:3)
  10 orcs (D:3)
  A ball python (D:2)
  8 bats
  3 giant cockroaches
  9 hobgoblins
  3 quokkas (D:3)
  6 giant newts
  18 goblins
  2 kobolds
  8 rats
77 creatures vanquished.

Notes
Turn   | Place    | Note
--------------------------------------------------------------
     0 | D:1      | DeXoteric the Mummy Monk began the quest for the Orb.
     0 | D:1      | Reached XP level 1. HP: 18/18 MP: 1/1
   291 | D:1      | Reached XP level 2. HP: 18/24 MP: 2/2
   702 | D:1      | Reached skill level 4 in Unarmed Combat
   722 | D:1      | Reached XP level 3. HP: 29/29 MP: 3/3
  1592 | D:2      | Noticed Robin
  1613 | D:2      | Reached XP level 4. HP: 12/35 MP: 4/4
  1626 | D:2      | Killed Robin
  2540 | D:3      | Reached skill level 5 in Unarmed Combat
  2667 | D:3      | Found a bloodstained altar of Trog.
  3006 | D:3      | Reached XP level 5. HP: 25/41 MP: 5/5
  3177 | D:3      | Noticed an ogre
  3202 | D:3      | Mangled by an ogre

Action                   |  1- 3 |  4- 6 || total
-------------------------+-------+-------++-------
Melee: Unarmed           |   141 |   134 ||   275
 Stab: Sleeping          |     3 |     1 ||     4
